 Dungeon Crawl Stone Soup version 0.32-a0-18-g89e19f1974 (webtiles) character file.

Game seed: 14566810011907923675

22 zenocrate the Sneak (level 2, -1/13 HPs)
             Began as a Vine Stalker Enchanter on Jan 16, 2024.
             Slain by a goblin
             ... wielding a +0 club
             ... led by Robin
              (4 damage)
             ... on level 1 of the Dungeon.
             The game lasted 00:00:41 (606 turns).

zenocrate the Sneak (Vine Stalker Enchanter)         Turns: 606, Time: 00:00:42

Health: -1/13      AC:  2    Str: 10    XL:     2   Next: 91%
Magic:  0/6        EV: 12    Int: 15    God:
Gold:   29         SH:  0    Dex: 14    Spells: 3/5 levels left

rFire   . . .        a - +1 dagger
rCold   . . .        (no shield)
rNeg    . . .        b - +0 robe
rPois   .            (no helmet)
rElec   .            (no cloak)
rCorr   .            (no gloves)
SInv    .            (no boots)
Will    .....        (no amulet)
Stlth   +++          (no ring)
HPRegen 1.02/turn    (no ring)
MPRegen 0.10/turn

%: guardian spirit
@: no status effects
A: fangs 2, regeneration 1, magic shield, antimagic bite, no potion heal 2
a: no special abilities


You were on level 1 of the Dungeon.
You visited 1 branch of the dungeon, and saw 2 of its levels.

You collected 29 gold pieces.

Inventory:

Hand Weapons
 a - a +1 dagger (weapon)
Missiles
 d - 3 poisoned darts (quivered)
Armour
 b - a +0 robe (worn)
Scrolls
 e - a scroll of acquirement {unknown}
 f - a scroll of brand weapon {unknown}
 g - a scroll of identify {unknown}
 h - 2 scrolls of enchant armour {unknown}
 i - a scroll of immolation {unknown}
Potions
 c - 2 potions of invisibility


   Skills:
 + Level 1.3 Short Blades
 + Level 1.8 Dodging
 + Level 4.0 Stealth
 - Level 2.1 Spellcasting
 + Level 3.2 Hexes
 * Level 0.6 Ice Magic


You had 3 spell levels left.
You knew the following spells:

 Your Spells              Type           Power      Damage    Failure   Level
a - Ensorcelled Hibernat  Hex/Ice        14%        N/A       16%         2

Your spell library contained the following spells:

 Spells                   Type           Power      Damage    Failure   Level
 Confusing Touch          Hex            11%        N/A       17%         3
 Tukima's Dance           Hex            11%        N/A       17%         3
 Dazzling Flash           Conj/Hex       12%        N/A       32%         3


Dungeon Overview and Level Annotations

Branches:
Dungeon (2/15)

Altars:

Annotations:
D:2 Robin


Innate Abilities, Weirdness & Mutations

You have extremely sharp teeth.
Your natural rate of healing is unusually fast.
When hurt, damage is shared between your health and your magic reserves.
Your bite disrupts and absorbs the magic of your enemies.
Potions cannot restore your health.


Message History

Okay, then.
There is a stone staircase leading down here.
You climb downwards.
The hobgoblin shouts!
The goblin shouts! x3; The hobgoblin shouts! x2
The goblin shouts! x2; The hobgoblin shouts!
You hear an angry hiss.
Found 12 gold pieces.
Found a stone staircase leading up.
There is a stone staircase leading up here.
Unknown command.
You barely miss the goblin.
There are monsters nearby!
There are monsters nearby!
You closely miss the goblin.
Robin roars a battlecry!
The goblins go into a battle-frenzy!
The goblin hits you with a +0 club.
A frilled lizard comes into view.
The goblin barely misses you. The goblin hits you with a +0 dagger.
The goblin hits you with a +0 club. The goblin barely misses you.
A ball python comes into view.
The goblin barely misses you. The goblin closely misses you.
The goblin barely misses you. The goblin hits you with a +0 club.
The goblin completely misses you.
You climb upwards.
There is a stone staircase leading down here.
Unknown command.
Casting: Ensorcelled Hibernation (safe; 16% risk of failure)
Confirm with . or Enter, or press ? or * to list all spells.
Aiming: Ensorcelled Hibernation (safe; 16% risk of failure)
Press: ? - help, Shift-Dir - straight line, f - goblin
Aim: a goblin, wielding a +0 club (strong, chance to affect: 58%)
The goblin looks drowsy...
The goblin barely misses you. The goblin hits you with a +0 club. x2
* * * LOW HITPOINT WARNING * * *
The goblin closely misses you.
Unknown command.
The goblin attacks as it pursues you! The goblin barely misses you.
The goblin shouts!
Unknown command.
The goblin attacks as it pursues you! The goblin hits you with a +0 club.
You die...

...#...............#...##........
................#..#...........##
...###..........#..#...#.......#
#### #....###..........##......#
######....# #.#................#
.>....##### #.#..).............#
......# #.....###..#.#..รท.##
......# #............#.#...##
......# #...@##..........#..[
......#######...g.g..........####
#####............gg.............)
...#########......g.........)....
.......###........#.........#....
......(..###......#.........#....
#...###...##.....................
...## ###..#....###..............
.[.## ##.##....##.........#)...


You could see 5 goblins.

Vanquished Creatures
  3 endoplasms (D:1)
  3 giant cockroaches (D:1)
  2 goblins (D:1)
  2 hobgoblins (D:1)
  A kobold (D:1)
  3 ball pythons (D:1)
  2 bats (D:1)
  2 rats (D:1)
18 creatures vanquished.

Notes
Turn   | Place    | Note
-------+----------+-------------------------------------------
     0 | D:1      | zenocrate the Vine Stalker Enchanter began the quest for
                  | the Orb.
     0 | D:1      | Reached XP level 1. HP: 9/9 MP: 4/4
    94 | D:1      | Reached skill level 1 in Short Blades
   163 | D:1      | Reached XP level 2. HP: 13/13 MP: 4/6
   170 | D:1      | Learned a level 2 spell: Ensorcelled Hibernation
   486 | D:1      | Reached skill level 4 in Stealth
   599 | D:2      | Noticed Robin
   606 | D:1      | Slain by a goblin

Illustrated notes

Levels and vault maps discovered:
D:1:      dpeg_arrival_round_b, layout_rooms, minivault_27
D:2:      layout_loops_cross, uniq_sigmund, uniq_terence, uniq_robin

Skill      XL: |  1  2 |
---------------+-------+-----
Short Blades   | 1 |  1.3
Stealth        | 4 |  4.0
Dodging        | |  1.8
Spellcasting   | |  2.1
Hexes          | |  3.2
Ice Magic      | |  0.6

Action                     || total
---------------------------++-------
  Melee: Dagger            ||    59
         Bite              ||    13
   Cast: Ensorcelled Hiber ||     3
   Stab: Sleeping          ||     7
 Armour: Robe              ||    25
  Dodge: Dodged            ||    51

Table legend: (Time is in decaauts)
 A = Elapsed time spent in this place.
 B = Non-inter-level travel time spent in this place.
 C = Inter-level travel time spent in this place.
 D = Time resting spent in this place.
 E = Time spent auto-exploring this place.
 F = Levels seen in this place.
 G = Mean time per level.
                   A        B        C        D        E       F      G
               +--------+--------+--------+--------+--------+-----+--------+
         Total |    603 |    584 |     19 |      0 |    430 |   2 |  301.5 |
       Dungeon |    603 |    584 |     19 |      0 |    430 |   2 |  301.5 |
               +--------+--------+--------+--------+--------+-----+--------+

Top non-repeatable levels by time:
     D:1: 599 daAuts
     D:2: 3 daAuts
